 Dungeon Crawl Stone Soup version 0.32-a0-871-ge202e49faa (webtiles) character file.

Game seed: 10847327628839069220

2459 Griffin23 the Carver (level 9, -3/80 HPs)
             Began as a Minotaur Fighter on Mar 30, 2024.
             Slain by a troll (8 damage)
             ... on level 7 of the Dungeon.
             The game lasted 00:10:28 (7394 turns).

Griffin23 the Carver (Minotaur Fighter)             Turns: 7394, Time: 00:10:28

Health: -3/80      AC: 11    Str: 25    XL:     9   Next: 26%
Magic:  8/8        EV:  8    Int:  5    God:
Gold:   316        SH:  5    Dex: 10    Spells: 8/8 levels left

rFire   . . .        y - +4 scimitar
rCold   . . .        c - +0 buckler
rNeg    . . .        b - +0 scale mail
rPois   .            (helmet restricted)
rElec   .            (no cloak)
rCorr   .            e - +0 pair of gloves
SInv    .            v - +1 pair of boots
Will    .....        (no amulet) Stlth
                     i - ring of flight
HPRegen 0.33/turn    (no ring)
MPRegen 0.11/turn

%: no passive effects
@: flying
A: horns 2, retaliatory headbutt
a: no special abilities


You were on level 7 of the Dungeon.
You visited 1 branch of the dungeon, and saw 7 of its levels.

You collected 316 gold pieces.

Inventory:

Hand Weapons
 a - a +0 long sword
 g - a +4 long sword
 y - a +4 scimitar (weapon)
Missiles
 A - a throwing net (quivered)
Armour
 b - a +0 scale mail (worn)
 c - a +0 buckler (worn)
 e - a +0 pair of gloves (worn)
 v - a +1 pair of boots (worn)
Jewellery
 i - a ring of flight (left hand)
 m - a ring of magical power
Wands
 d - a wand of warping (10)
 u - a wand of polymorph (8)
Scrolls
 h - 5 scrolls of identify {unknown}
 n - a scroll of poison {unknown}
 p - 4 scrolls of teleportation {unknown}
 r - a scroll of amnesia {unknown}
 s - a scroll of enchant armour {unknown}
 w - a scroll of silence {unknown}
 x - a scroll of blinking {unknown}
Potions
 f - a potion of cancellation
 j - 2 potions of haste
 k - a potion of resistance
 l - a potion of heal wounds {unknown}
 o - 2 potions of attraction {unknown}
 q - 2 potions of berserk rage {unknown}
 t - 2 potions of degeneration {unknown}
 z - a potion of ambrosia {unknown}


   Skills:
 + Level 7.7 Fighting
 * Level 9.8 Long Blades
 + Level 7.6 Armour
 + Level 7.6 Shields


You had 8 spell levels left.
You didn't know any spells.
Your spell library was empty.

Dungeon Overview and Level Annotations

Branches:
Dungeon (7/15)
 Temple: D:4-7

Altars:
Ashenzari
Qazlal
Uskayaw
Wu Jian
Zin

Annotations:
D:6 3 runed translucent doors, timneilson's ghost, novice KoEn


Innate Abilities, Weirdness & Mutations

You have a pair of horns on your head.
You reflexively headbutt those who attack you in melee.


Message History

You block the troll's attack. The troll claws you but does no damage.
The troll closely misses you.
You slash the troll!
The troll is heavily wounded.
You block the troll's attack.
The troll claws you but does no damage. x2
You closely miss the troll.
The troll is heavily wounded.
The troll bites you but does no damage. The troll claws you.
The troll claws you!
You barely miss the troll. You headbutt the troll!
The troll is severely wounded.
The troll bites you! The troll claws you. The troll barely misses you.
You closely miss the troll. Your headbutt misses the troll.
The troll is severely wounded.
The troll bites you! The troll claws you.
The troll claws you but does no damage.
You are too injured to fight recklessly!
You are too injured to fight recklessly!
You are too injured to fight recklessly!
You barely miss the troll. You headbutt the troll.
The troll is severely wounded.
You block the troll's attack. x2; The troll claws you but does no damage.
You hit the troll but do no damage. You headbutt the troll!
The troll is almost dead.
The troll bites you but does no damage. The troll claws you.
* * * LOW HITPOINT WARNING * * *
The troll claws you.
* * * LOW HITPOINT WARNING * * *
You hit the troll.
You headbutt the troll, but do no damage.
The troll is almost dead.
The troll closely misses you. The troll claws you!
* * * LOW HITPOINT WARNING * * *
The troll completely misses you.
You barely miss the troll. Your headbutt misses the troll.
The troll is almost dead.
The troll bites you.
* * * LOW HITPOINT WARNING * * *
The troll claws you but does no damage. The troll claws you!
You die...

.# # ..#
#. ..#
##.####.#
#.......#
#.......#
#...T...#
#?...@..#
##'####.#
###'#####
#.......#
#.......#
#.......#
#.......#
#.......#
#.......#


You could see a troll.

Vanquished Creatures
  2 water moccasins (D:5)
  2 sky beasts (D:7)
  A black bear (D:7)
  2 ogres
  3 gnoll sergeants
  2 kobold brigands
  A scorpion (D:5)
  5 wights (D:7)
  A bombardier beetle (D:3)
  4 hounds
  5 orc priests
  A jelly (D:5)
  3 sleepcaps
  9 orc wizards
  Natasha (thrice) (D:4)
  2 iguanas (D:5)
  9 adders
  17 gnolls
  A white imp (D:6)
  A ribbon worm (D:4)
  5 dart slugs
  26 orcs
  3 bats
  14 endoplasms
  A giant cockroach (D:4)
  8 goblins
  9 hobgoblins
  20 kobolds
  7 quokkas
  8 ball pythons
  3 frilled lizards
  3 rats (D:1)
181 creatures vanquished.

Notes
Turn   | Place    | Note
-------+----------+-------------------------------------------
     0 | D:1      | Griffin23 the Minotaur Fighter began the quest for the Orb.
     0 | D:1      | Reached XP level 1. HP: 19/19 MP: 0/0
    69 | D:1      | Reached XP level 2. HP: 27/27 MP: 1/1
   330 | D:1      | Reached skill level 3 in Long Blades
   337 | D:1      | Reached XP level 3. HP: 32/33 MP: 2/2
  1546 | D:3      | Reached XP level 4. HP: 24/41 MP: 3/3
  1657 | D:3      | Reached skill level 4 in Long Blades
  1940 | D:3      | Reached XP level 5. HP: 39/47 MP: 4/4
  2385 | D:4      | Found an ornate altar of the Wu Jian Council.
  2602 | D:4      | Reached skill level 5 in Fighting
  2602 | D:4      | Reached skill level 5 in Long Blades
  2602 | D:4      | Reached XP level 6. HP: 53/56 MP: 5/5
  2667 | D:4      | Noticed a +0 short sword
  2667 | D:4      | Noticed a +0 short sword
  2667 | D:4      | Noticed a +0 falchion
  2668 | D:4      | Noticed a +0 spear
  2668 | D:4      | Noticed a +0 dagger
  2668 | D:4      | Noticed a +0 spear
  2669 | D:4      | Noticed a +0 dagger
  2669 | D:4      | Noticed a +0 falchion
  2673 | D:4      | Found a hide-covered altar of Uskayaw.
  2825 | D:4      | Noticed Natasha
  2826 | D:4      | Found a stormy altar of Qazlal.
  2827 | D:4      | Noticed an air elemental
  2835 | D:4      | Killed Natasha
  2870 | D:4      | Noticed a fire elemental
  2907 | D:4      | Reached skill level 5 in Armour
  2907 | D:4      | Reached skill level 5 in Shields
  2968 | D:4      | Noticed a water elemental
  3104 | D:5      | Entered Level 5 of the Dungeon
  3255 | D:5      | Reached skill level 6 in Long Blades
  3255 | D:5      | Reached XP level 7. HP: 36/61 MP: 6/6
  3645 | D:5      | Reached skill level 7 in Long Blades
  3728 | D:5      | Reached XP level 8. HP: 21/70 MP: 7/7
  3807 | D:4      | Noticed Natasha
  3818 | D:4      | Killed Natasha
  3905 | D:4      | Noticed Natasha
  3920 | D:4      | Killed Natasha
  5016 | D:5      | Found a glowing silver altar of Zin.
  5360 | D:6      | Reached skill level 8 in Long Blades
  6156 | D:6      | Reached skill level 9 in Long Blades
  6310 | D:6      | Found a runed translucent gate.
  6310 | D:6      | Found a runed translucent gate.
  6310 | D:6      | Found a runed translucent gate.
  6310 | D:6      | Noticed timneilson's ghost (novice KoEn)
  6310 | D:6      | Noticed a spectral unseen horror
  6876 | D:7      | Reached XP level 9. HP: 41/79 MP: 8/8
  7011 | D:7      | Found a broken altar of Ashenzari.
  7381 | D:7      | Noticed a troll
  7394 | D:7      | Slain by a troll

Illustrated notes

Levels and vault maps discovered:
D:1:      dpeg_arrival_rooms_with_view, layout_basic, nicolae_figureground_pulse
D:2:      layout_loops_corners
D:3:      minmay_diamond_boxcup, layout_basic, kennysheep_big_empty_room,
          minmay_checkerbox
D:4:      layout_cave_pools, mainiacjoe_overflow_small_starburst,
          nicolae_qazlal_style_of_elements, nicolae_uskayaw_en_pointe,
          chequers_mini_garden, roderic_roman_lattice, uniq_natasha
D:5:      layout_cave_pools, zin_scriptorium, nicolae_grassy_gnolls
D:6:      layout_cave_pools, gammafunk_ghost_necromancy,
          kennysheep_generic_room_12
D:7:      layout_basic, mainiacjoe_overflow_24_doors,
          minmay_temple_entry_junction

Skill      XL: |  1  2  3  4  5  6  7  8 |
---------------+-------------------------+-----
Armour         | 4 5 6 7 |  7.6
Fighting       | 4 5 6 7 |  7.7
Shields        | 4 5 6 7 |  7.6
Long Blades    | 3 4 5 6 7 9 |  9.8

Action                     |  1- 3 |  4- 6 |  7- 9 || total
---------------------------+-------+-------+-------++-------
  Melee: Long sword        |   102 |   136 |   303 ||   541
         Headbutt          |    12 |    18 |    59 ||    89
         Scimitar          |       |       |    22 ||    22
    Use: Potion            |       |       |    10 ||    10
 Armour: Scale mail        |    83 |   111 |   402 ||   596
  Dodge: Dodged            |    43 |    58 |   154 ||   255
  Block: Buckler           |    19 |    23 |   105 ||   147

Table legend: (Time is in decaauts)
 A = Elapsed time spent in this place.
 B = Non-inter-level travel time spent in this place.
 C = Inter-level travel time spent in this place.
 D = Time resting spent in this place.
 E = Time spent auto-exploring this place.
 F = Levels seen in this place.
 G = Mean time per level.
                   A        B        C        D        E       F      G
               +--------+--------+--------+--------+--------+-----+--------+
         Total |   7460 |   7285 |    175 |   1870 |   4156 |   7 | 1065.7 |
       Dungeon |   7460 |   7285 |    175 |   1870 |   4156 |   7 | 1065.7 |
               +--------+--------+--------+--------+--------+-----+--------+

Top non-repeatable levels by time:
     D:4: 1786 daAuts
     D:7: 1302 daAuts
     D:5: 1088 daAuts
     D:3: 890 daAuts
     D:6: 863 daAuts
     D:2: 836 daAuts
     D:1: 693 daAuts
